Cogmind - Beta 17 @@@ ROGUE MODE // 2026.08.17 @ 14:07:59 Player: Marc Result: Self-destructed Performance ------------- Evolutions (1) 500 Regions Visited (2) 400 Robots Destroyed (3) 15 Value Destroyed (84) 84 Prototype IDs (1) 20 Alien Tech Used (0) 0 Bonus (200) 200 TOTAL SCORE: 1219 Bonus ------- Pacifist 200 Cogmind --------- Core Integrity 357/400 Matter 210/300 Energy 56/100 System Corruption 0% Temperature Cool (0) Movement Rolling (80) Location -9/Materials Parts ------- > --- POWER (1) -------- (None) > --- PROPULSION (3) --- Wheel > --- UTILITY (3) ------ Small Storage Unit Seismic Detector ECM Suite > --- WEAPON (2) ------- Mining Claw > --- INVENTORY (8) ---- Ion Engine Aluminum Leg Aluminum Leg Medium Laser Assault Rifle Light Assault Rifle Improved Assault Rifle Peak State ------------ > --- POWER ------------ Ion Engine > --- PROPULSION ------- Wheel Wheel Compact Wheel > --- UTILITY ---------- Small Storage Unit Seismic Detector ECM Suite > --- WEAPON ----------- Improved Assault Rifle Mining Claw > --- INVENTORY -------- Ion Engine Aluminum Leg Aluminum Leg Medium Laser Assault Rifle Light Assault Rifle Grenade Launcher [Rating: 11] Favorites ----------- Power Ion Engine Engine Ion Engine Propulsion Wheel Leg Aluminum Leg Wheel Wheel Utility Small Storage Unit Device Seismic Detector Storage Small Storage Unit Weapon Mining Claw Ballistic Gun Assault Rifle Launcher Grenade Launcher Slashing Weapon Mining Claw Build | -11 -10 -9 ------- Run | Yrd Mat Mat Slots Evolved 2 | . . 2 Power . | . . . Propulsion 1 | . . 1 Utility 1 | . . 1 Weapon . | . . . Parts Attached 8 | . 4 4 Power . | . . . Engine . | . . . Core . | . . . Reactor . | . . . Propulsion 3 | . 2 1 Treads . | . . . Leg . | . . . Wheel 3 | . 2 1 Hover . | . . . Flight . | . . . Utility 2 | . 1 1 Device 2 | . 1 1 Storage . | . . . Processor . | . . . Hackware . | . . . Protection . | . . . Artifact . | . . . Weapon 3 | . 1 2 Energy Gun . | . . . Energy Cannon . | . . . Ballistic Gun 1 | . . 1 Ballistic Cannon . | . . . Launcher 1 | . . 1 Special Weapon . | . . . Impact Weapon . | . . . Slashing Weapon 1 | . 1 . Piercing Weapon . | . . . Special Melee Weapon . | . . . Unidentified Prototypes 1 | . . 1 Parts Lost 4 | . . 4 Power 1 | . . 1 Propulsion 2 | . . 2 Utility . | . . . Weapon 1 | . . 1 Highest Loss Streak 4 | . . 4 To Critical Strikes . | . . . Average Backups 7 | . 7 6 Power 1 | . 1 1 Propulsion 3 | . 3 2 Utility . | . . . Weapon 3 | . 2 3 Tool/Special . | . . . Unused Backups 11 | . 5 6 Power 3 | . 1 2 Propulsion 4 | . 2 2 Utility 1 | . 1 . Weapon 3 | . 1 2 Tool/Special . | . . . Average Slot Usage (%) 92 | . 94 90 Engine 12 | . 14 9 Leg 9 | . 14 . Wheel 19 | . 13 30 Device 12 | . 8 19 Storage 12 | . 14 11 Ballistic Gun 14 | . 19 5 Launcher 1 | . . 3 Slashing Weapon 9 | . 8 11 Peak Build Rating 11 | . 7 11 Average Rating 7 | . 6 8 On Entrance 6 | 6 6 7 Avg Prop Armor Cover (%) . | . . . Naked Turns . | . . . Heaviest Build 18 | 13 15 18 Greatest Support 36 | 20 20 36 Greatest Overweight (x) . | . . . Average Overweight (x) . | . . . Largest Inventory Capacity 8 | . 8 8 Average Capacity 8 | . 8 8 Most Carried 8 | . 8 8 Average Carried 7 | . 7 7 Final Capacity 8 | 8 8 8 Final Carried 7 | 6 7 7 Class Distribution -------------------- 100% | Mutant Dominant Class ---------------- Mutant | -10/Materials Mutant | -9/Materials Resources | -11 -10 -9 ----------- Run | Yrd Mat Mat Matter Collected 200 | 175 25 . Remotely . | . . . Salvage Created 54 | . . 54 Parts 2 | . . 2 Haulers Intercepted . | . . . Recyclers Shooed . | . . . Parts Field Recycled . | . . . Retrieved Matter . | . . . Parts Self-Destructed . | . . . Prevented . | . . . Parts Restored . | . . . Kills | -11 -10 -9 ------- Run | Yrd Mat Mat Combat Hostiles Destroyed 2 | . . 2 AOE 2 | . . 2 Classes Destroyed 2 | . . 2 Operator 1 | . . 1 Grunt 2 | . . 2 Best Kill Streak 2 | . . 2 Combat Bots Only 2 | . . 2 Max Kills in Single Turn 2 | . . 2 Gunslinging . | . . . Exploded 2 | . . 2 Melee . | . . . Uniques/NPCs Destroyed . | . . . Combat | -11 -10 -9 -------- Run | Yrd Mat Mat Hostile Shots Fired 32 | . . 32 Missed 8 | . . 8 Hits 24 | . . 24 Projectile 24 | . . 24 Critical Strikes 1 | . . 1 Damage Taken 354 | . . 354 Core 43 | . . 43 Absorbed by Shields . | . . . Core Remaining (%) 100 | 100 100 . Volleys Fired 3 | . . 3 Largest 1 | . . 1 Hottest 30 | . . 30 Shots Fired 3 | . . 3 Gun . | . . . Cannon . | . . . Launcher 3 | . . 3 Special . | . . . Kinetic . | . . . Thermal . | . . . Explosive 3 | . . 3 Electromagnetic . | . . . Robot Hit Streak 1 | . . 1 Robot Miss Streak 1 | . . 1 Penetration Max . | . . . Secondary Targets . | . . . Shots Hit Robots 11 | . . 11 Core Hits 5 | . . 5 Critical Kills . | . . . Critical Parts Destroyed . | . . . Critical Strikes . | . . . Melee Attacks 24 | . 11 13 Impact . | . . . Slashing 24 | . 11 13 Piercing . | . . . Sneak Attacks . | . . . Combat Hostiles . | . . . Follow-up Attacks . | . . . Damage Inflicted 405 | . . 405 Guns . | . . . Cannons . | . . . Explosions 164 | . . 164 Melee 241 | . . 241 Ramming . | . . . Kinetic . | . . . Thermal . | . . . Explosive 164 | . . 164 Electromagnetic . | . . . Impact . | . . . Slashing 241 | . . 241 Piercing . | . . . Highest Corruption 1 | . 1 . Average Corruption 1 | . 1 . Corruption Purged . | . . . Corruption Blocked . | . . . Effects 1 | . 1 . Data Loss (minor) 1 | . 1 . Overload Shots . | . . . Overflow Damage 14 | . . 14 Projectiles . | . . . Explosions 14 | . . 14 Melee . | . . . Knockbacks . | . . . Impact . | . . . Kinetic . | . . . Secondary . | . . . Self-Inflicted Damage . | . . . Shots . | . . . Rammed . | . . . Targets Rammed . | . . . Kicked . | . . . Crushed . | . . . Highest Temperature 19 | . . 19 Average Temperature 8 | . . 8 Received Heat Transfer 153 | . . 153 Siege Activations . | . . . Martial Activations . | . . . Shielding Activations . | . . . Robots Disrupted . | . . . Combat Hostiles . | . . . Robots Corrupted . | . . . Combat Hostiles . | . . . Parts Fried . | . . . Impact Corruptions . | . . . Robots Melted . | . . . Combat Hostiles . | . . . Parts Melted . | . . . Heat Transferred . | . . . Parts Sabotaged . | . . . Parts Stolen . | . . . Parts Stripped . | . . . Power Chain Reactions . | . . . Alert | -11 -10 -9 ------- Run | Yrd Mat Mat Maximum Alert Level . | . . . Low Security (%) 100 | . 100 100 Level 1 . | . . . Level 2 . | . . . Level 3 . | . . . Level 4 . | . . . Level 5 . | . . . High Security . | . . . Max Security . | . . . Peak Influence 61 | . 8 61 Initial . | . . . Average 6 | . . 16 Influence Increases 89 | . 13 76 Destroy 0b10 Robot/C 40 | . . 40 Destroy 0b10 Robot/NC 5 | . . 5 Successful Hack 18 | . 8 10 Destroy Structure 26 | . 5 21 Influence Decreases 84 | . 13 71 Time Decay 53 | . 13 40 Lost Part 31 | . . 31 Squads Dispatched . | . . . Investigation . | . . . Extermination . | . . . Reinforcement . | . . . Assault . | . . . Garrison . | . . . Intercept . | . . . Searches Triggered . | . . . Construction Impeded . | . . . Haulers Reinforced . | . . . Active Scanning Responses . | . . . Cargo Convoy Interrupts . | . . . Stealth | -11 -10 -9 --------- Run | Yrd Mat Mat Distress Signals 1 | . . 1 Communications Jammed . | . . . Distress Signals . | . . . Times Spotted 7 | . . 7 Peak Tracking Total 5 | . . 5 Tactical Retreats . | . . . Traps | -11 -10 -9 ------- Run | Yrd Mat Mat Traps Triggered 1 | . 1 . Indirectly . | . . . Trap Hack Attempts . | . . . Triggered . | . . . Disarmed . | . . . Reprogrammed . | . . . Reused . | . . . Traps Extracted . | . . . Installed . | . . . Triggered . | . . . Machines | -11 -10 -9 ---------- Run | Yrd Mat Mat Machines Disabled . | . . . Max in Single Turn . | . . . Machines Repaired . | . . . Machines Dismantled . | . . . Machines Sabotaged . | . . . Overloaded Fab Kills . | . . . Hacking | -11 -10 -9 --------- Run | Yrd Mat Mat Machines Accessed 5 | . 2 3 Terminals 5 | . 2 3 Fabricators . | . . . Repair Stations . | . . . Recycling Units . | . . . Scanalyzers . | . . . Garrison Access . | . . . Total Hacks 11 | . 5 6 Successful 5 | . 2 3 Failed 6 | . 3 3 Catastrophic 1 | . 1 . Database Lockouts . | . . . Manual 11 | . 5 6 Terminals 11 | . 5 6 Fabricators . | . . . Repair Stations . | . . . Recycling Units . | . . . Scanalyzers . | . . . Garrison Access . | . . . Terminal Hacks . | . . . Fabricator Hacks . | . . . Repair Station Hacks . | . . . Recycling Unit Hacks . | . . . Scanalyzer . | . . . Garrison Access Hacks . | . . . Unauthorized Hacks 5 | . 2 3 Terminals 5 | . 2 3 Track 1 | . 1 . Assimilate 1 | . . 1 Botnet 3 | . 1 2 Fabricators . | . . . Repair Stations . | . . . Recycling Units . | . . . Scanalyzers . | . . . Garrison Access . | . . . Data Cores Recovered . | . . . Used . | . . . Hacking Detections 4 | . 2 2 Full Trace Events . | . . . Feedback Events . | . . . Feedback Blocked . | . . . Robot Schematics Acquired . | . . . Robots Built . | . . . Authchips . | . . . Time . | . . . Total Robot Build Rating . | . . . Part Schematics Acquired . | . . . Parts Built . | . . . Authchips . | . . . Time . | . . . Total Part Build Rating . | . . . Part Studies Acquired . | . . . Parts Repaired . | . . . Time . | . . . Parts Recycled . | . . . Recycled Matter . | . . . Retrieved Matter . | . . . Retrieved Components . | . . . Parts Scanalyzed . | . . . Part Schematics Acquired . | . . . Parts Damaged . | . . . Bothacking | -11 -10 -9 ------------ Run | Yrd Mat Mat Used RIF Installer . | . . . Robots Hacked . | . . . Non-combat . | . . . Combat . | . . . Robot Hacks Applied . | . . . Relay Couplers Released . | . . . Fabnet Peak Effective % . | . . . Robots Rewired . | . . . Allies Hacked . | . . . Hacks Repelled . | . . . Allies | -11 -10 -9 -------- Run | Yrd Mat Mat Total Allies . | . . . Largest Group . | . . . Highest-Rated Group . | . . . Highest-Rated Ally . | . . . Total Orders . | . . . Ally Attacks . | . . . Total Damage . | . . . Kills . | . . . Allies Corrupted . | . . . Allies Melted . | . . . Intel | -11 -10 -9 ------- Run | Yrd Mat Mat Active Infowar (turns) 283 | . 155 128 Seismic 283 | . 155 128 ECM 107 | . . 107 Robot Analysis Total . | . . . Derelict Logs Recovered . | . . . Drone Launches . | . . . Drone Recoveries . | . . . Exploration | -11 -10 -9 ------------- Run | Yrd Mat Mat Turns Passed 372 | . 244 128 Spaces Moved 218 | 1 153 64 Core . | . . . Treads . | . . . Legs 88 | 1 87 . Wheels 130 | . 66 64 Hover . | . . . Flight . | . . . Fastest Speed 80 | 120 80 86 Average Speed 97 | 120 102 86 Slowest Speed 120 | 120 120 86 Overloaded Moves . | . . . Propulsion Burnouts . | . . . Robots Hopped . | . . . Potential Cave-ins 2 | . 2 . Cave-ins Triggered . | . . . Exploration Rate (%) 14 | 2 33 7 Regions Visited 2 Branch Regions . Pre-discovered Areas . | . . . Known Exits Taken . | . . . Unknown Exits Taken 2 | 1 1 . Scrap Searched . | . . . Spaces Dug 8 | . 8 . Terrain Destroyed 37 | . 8 29 Melee 8 | . 8 . Projectile . | . . . AOE 29 | . . 29 Terrain Rammed . | . . . Walls Destroyed . | . . . Machines Disabled . | . . . Actions | -11 -10 -9 --------- Run | Yrd Mat Mat Total 322 | . 216 106 Wait 64 | . 44 20 Move 216 | . 152 64 Hop . | . . . Pick Up 5 | . 3 2 Fast Attach 1 | . 1 . Attach 2 | . . 2 Detach . | . . . Swap 5 | . 3 2 Drop 2 | . 2 . Fire 3 | . . 3 Melee 24 | . 11 13 Ram . | . . . Kick . | . . . Crush . | . . . Escape Stasis . | . . . Rewire . | . . . Trap . | . . . Miscellaneous . | . . . Route ------- -11/Scrapyard -10/Materials -9/Materials History --------- Turn | Location | Event 1 | -11/Scrapyard | Discovered new exit (range 0) 1 | -11/Scrapyard | Entered Materials 238 | -10/Materials | Discovered new exit (range 3) 245 | -10/Materials | Entered another Materials area 245 | -9/Materials | Evolved 2 slots: Propulsion x1, Utility x1 306 | -9/Materials | Build established: Mutant 373 | -9/Materials | Self-destructed Last Messages --------------- Testing... Terminal linked with 1 system. Awaiting botnet instructions. 00284_ O-16 Technician: "IFF HANDSHAKE FAILED. SECURING TERMINAL." 00287_ Connecting with Terminal... >>Trojan(Assimilate) Trojan loaded successfully. Testing... System interface override in place. 00305_ O-16 Technician sends out distress signal. 00308_ Critical hit (Burn: +37). 00312_ The unstable cave ceiling collapses. 00314_ G-34 Mercenary destroyed. 00314_ Destroyed Hover Unit. 00314_ G-34 Mercenary destroyed. 00341_ Wheel destroyed. 00344_ Grenade Launcher destroyed. 00353_ Ion Engine destroyed. 00361_ Destroyed Lgt. Armor Plating. 00371_ Com. Wheel destroyed. Map ----- +----------------------------------------------------+ | ??????????????????????????????????? | | ??????????????????????????????????? | | ??????????????????????????????????? | | ??????????????????????????????????? | | ??????????????????????????????????? | | ??????????????????????????????????? | | ??????????????????????????????????? | | ??????????????????????????????????? | | ??????????????????????????????????? | | ????????? ??????????????????????? | | ????????? ??????????????????????? | | ????????? ??????????????????????? | | ????????? ??????????????????????? | | ?????????# ??????????????????????? | | ?????????# ##????????????????????? | | ????????? ????????????????????? | | ?????????? ????????????????????? | | ?????????? = ????????????????????? | | ?????????? %*?????????????????????? | | ?????????? ?????????????????????? | | ?????????? % ?????????????????????? | | ?????????? ?????????????????????? | | ??????????# #?????????????????????? | | ??????????# #?????????????????????? | | ??????#####Y#####?????????????????? | | ??????# @ #?????????????????? | | ??????# #?????????????????? | | ??????# w #?????????????????? | | ??????# #?????????????????? | | ??????######+####?????????????????? | | ?????????# #???????????????????? | | ?????????# #???????????????????? | | ?????????# #???????????????????? | | ?????????# #???????????????????? | | ?????????# #???????????????????? | | ?????????# #???????????????????? | | ?????????# #???????????#???????? | | ?????????# #???????#?? #???????? | | ?????????# #????? ?## ###?????? | | ????????####/######+### #?????? | | ????????# T !!* #?????? | | ????????# !!| #?????? | | ????????# !*| #?????? | | ??########### ![! #?????? | | ??# """ ! # ![ ##?????? | | ??# """ # ! #??????? | | ??# """ + #??????? | | ??# # #??????? | | ??# "# ####"T"# #??????? | | ??# T# #??#####? #??????? | +----------------------------------------------------+ Best States ------------- Heat Dissipation 28 Energy Generation 10 Energy Capacity 250 Matter Stores 300 Matter Capacity 300 Sight Range 16 Terrain Scan Density 10 ECM Strength 1 Evasion (%) 55 Item Schematics ----------------- None Robot Schematics ------------------ None Fabricated ------------ Nothing Repaired ---------- Nothing Studied --------- None Alien Tech Used ----------------- None Achievements -------------- None Challenges ------------ None Game ------ Seed BattleArcsightTendrils Manual? 0 Play Time 00:07:20 Cumulative 27.9 hours Start 2026.08.17 @ 13:59:42 End 2026.08.17 @ 14:07:59 Sessions 1 Manual Loads 0 Difficulty Rogue Special Mode None Game No. 92 Rogue 85 Adventurer 7 Explorer 0 Win Type - Total 0 Types 0/0/0/0/0/0/0/0/0/0 Lore% 29 Gallery% 34 Achievement% 28 Wizard Run 0 Options --------- Layout 0 ASCII 0 Keyboard 0 Movement Mouse Keybinds 0 Fullscreen 1 Font 18/SmallcapsGlow Map View 38x25 Zoom Use 100% Tactical HUD 1 Map Filters NONE Filters NONE Steam 1 RUN: 45125379-fbda-4977-a410-d724139a5ad8